 Dungeon Crawl Stone Soup version 0.30.1-11-g7821555f0a (webtiles) character file.

Game seed: 10666935461151221414

472 Nicksm the Gusty (level 7, -6/36 HPs)
             Began as a Tengu Air Elementalist on Dec 18, 2023.
             Was an Initiate of Sif Muna.
             Mangled by an iguana (13 damage)
             ... on level 5 of the Dungeon.
             The game lasted 00:26:22 (5186 turns).

Nicksm the Gusty (Tengu Air Elementalist)           Turns: 5186, Time: 00:26:23

Health: -6/36      AC:  4    Str:  8    XL:     7   Next: 9%
Magic:  3/14       EV: 14    Int: 17    God:    Sif Muna [......]
Gold:   133        SH:  0    Dex: 15    Spells: 8/14 levels left

rFire   . . .        l - +1 short sword (elec)
rCold   . . .        (no shield)
rNeg    . . .        B - +0 troll leather armour {Pargi}
rPois   .            (helmet restricted)
rElec   .            (no cloak)
rCorr   .            (no gloves)
SInv    .            (boots unavailable)
Will    .....        (no amulet)
Stlth   ++           (no ring)
HPRegen 1.06/turn    (no ring)
MPRegen 0.14/turn

%: no passive effects
@: flying quickly and evasively, quick
A: beak, talons 3, nimble flight
a: Renounce Religion


You were on level 5 of the Dungeon.
You worshipped Sif Muna.
Sif Muna was noncommittal.
You visited 2 branches of the dungeon, and saw 6 of its levels.
You also visited: Sewer.

You collected 188 gold pieces.
You spent 55 gold pieces at shops.

Inventory:

Hand Weapons
 d - a +0 dagger
 l - a +1 short sword of electrocution (weapon)
Armour
 a - a +0 robe
 j - a +0 leather armour
 p - a +0 helmet
 B - a +0 troll leather armour (worn) {Pargi}
Jewellery
 c - a ring of protection from cold
 n - an amulet of magic regeneration
Wands
 y - a wand of roots (6)
 D - a wand of charming (5)
Scrolls
 e - 2 scrolls of enchant weapon {unknown}
 i - a scroll of immolation {unknown}
 k - a scroll of noise {unknown}
 m - 3 scrolls of identify
 q - 2 scrolls of amnesia {unknown}
 r - 3 scrolls of teleportation
 s - a scroll of fear {unknown}
 u - a scroll of vulnerability {unknown}
 v - 2 scrolls of silence {unknown}
 z - a scroll of brand weapon {unknown}
 A - 2 scrolls of fog {unknown}
 C - a scroll of enchant armour {unknown}
Potions
 b - a potion of magic
 f - 2 potions of cancellation {unknown}
 g - 3 potions of mutation {unknown}
 h - 6 potions of curing {unknown}
 o - a potion of ambrosia {unknown}
 t - 4 potions of brilliance {unknown}
 w - a potion of haste {unknown}
 x - a potion of attraction {unknown}


   Skills:
 - Level 2.1 Dodging
 - Level 2.0 Stealth
 + Level 4.2 Spellcasting
 + Level 5.4 Conjurations
 + Level 6.8 Air Magic


You had 8 spell levels left.
You knew the following spells:

 Your Spells              Type           Power      Damage    Failure   Level
a - Shock                 Conj/Air       96%        1d9       1%          1
b - Static Discharge      Conj/Air       48%        2-4/arc   2%          2
c - Swiftness             Air            26%        N/A       4%          3

Your spell library contained the following spells:

 Spells                   Type           Power      Damage    Failure   Level
 Airstrike                Air            13%        2d(2-18)  14%         4


Dungeon Overview and Level Annotations

Branches:
Dungeon (5/15)             Temple (1/1) D:4           Sewer (visited)

Altars:
Ashenzari
Cheibriados
Dithmenos
Elyvilon
Fedhas
Gozag
Hepliaklqana
Kikubaaqudgha
Makhleb
Nemelex Xobeh
Okawaru
Qazlal
Ru
Sif Muna
Trog
Uskayaw
Vehumet
Wu Jian
Xom
Yredelemnul
Zin
The Shining One

Shops:
D:2 ?

Annotations:
D:4 2 transporters


Innate Abilities, Weirdness & Mutations

You have a beak for a mouth.
You have claws for feet.
Your magical nature lets you fly swiftly and evasively.


Message History

You kill the scorpion!
Sif Muna accepts your kill.
You are struck by an arc of lightning.
The lightning grounds out.
You have reached level 7!
Casting: Static Discharge (safe; 2% risk of failure)
Confirm with . or Enter, or press ? or * to list all spells.
The iguana is struck by an arc of lightning.
The iguana is lightly wounded.
You are struck by an arc of lightning.
The iguana is struck by an arc of lightning.
The iguana is heavily wounded.
You are struck by an arc of lightning.
The lightning grounds out.
The iguana bites you.
Casting: Static Discharge (safe; 2% risk of failure)
Confirm with . or Enter, or press ? or * to list all spells.
You don't know that spell.
Press: ? - help, v - describe, . - travel
Here: an iguana (heavily wounded)
The floor.
Hit: l) +1 short sword (elec)
Press: ? - help, Dir - move target, f - iguana
Aim: an iguana (heavily wounded, about 35% to evade your +1 short sword of electrocution)
You hit the iguana but do no damage. Your kick misses the iguana.
The iguana is heavily wounded.
The iguana misses you.
You hit the iguana.
The iguana is heavily wounded.
The iguana bites you.
Casting: Static Discharge (safe; 2% risk of failure)
Confirm with . or Enter, or press ? or * to list all spells.
The iguana is struck by an arc of lightning.
The iguana is severely wounded.
You are struck by an arc of lightning.
* * * LOW HITPOINT WARNING * * *
The iguana is struck by an arc of lightning.
The iguana is almost dead.
You are struck by an arc of lightning.
* * * LOW HITPOINT WARNING * * *
The lightning grounds out.
The iguana bites you!
You die...

### #..
#.#######
#........
+........
#†.......
#@$......
#.l......
#........
#........
#.../....
#........
######+#.


You could see an iguana.

Vanquished Creatures
  Pargi (D:4)
  A scorpion (D:5)
  3 hounds
  An iguana (D:4)
  10 adders
  2 river rats (Sewer)
  2 worms (D:2)
  4 dart slugs
  5 orcs (D:3)
  9 ball pythons
  7 endoplasms
  3 giant cockroaches (D:3)
  5 hobgoblins
  2 quokkas (D:2)
  4 bats
  10 frilled lizards
  4 goblins
  7 kobolds
  7 rats
87 creatures vanquished.

Notes
Turn   | Place    | Note
-------+----------+-------------------------------------------
     0 | D:1      | Nicksm the Tengu Air Elementalist began the quest for the
                  | Orb.
     0 | D:1      | Reached XP level 1. HP: 10/10 MP: 4/4
   259 | D:1      | Reached XP level 2. HP: 15/15 MP: 1/6
  1236 | D:2      | Reached XP level 3. HP: 19/19 MP: 3/7
  1239 | D:2      | Learned a level 2 spell: Static Discharge
  1854 | D:2      | Found Punug's Magic Scroll Emporium.
  1862 | D:2      | Bought a scroll of teleportation for 33 gold pieces
  1862 | D:2      | Bought a scroll of identify for 22 gold pieces
  2344 | D:3      | Reached skill level 5 in Air Magic
  2344 | D:3      | Reached XP level 4. HP: 6/24 MP: 3/9
  2512 | D:3      | Found an ancient bone altar of Kikubaaqudgha.
  2698 | D:3      | Found a glowing drain.
  2762 | Sewer    | Entered a sewer
  2796 | Sewer    | Gained mutation: Your magical nature lets you fly swiftly
                  | and evasively. [Tengu growth]
  2796 | Sewer    | Reached XP level 5. HP: 28/28 MP: 7/10
  3793 | D:3      | Reached XP level 6. HP: 32/32 MP: 9/12
  3878 | D:3      | Reached skill level 6 in Air Magic
  3905 | D:3      | Learned a level 3 spell: Swiftness
  3912 | D:3      | Found a stormy altar of Qazlal.
  3912 | D:3      | Found a shimmering altar of Xom.
  4131 | D:4      | Found a staircase to the Ecumenical Temple.
  4140 | Temple   | Entered the Ecumenical Temple
  4289 | Temple   | Became a worshipper of Sif Muna the Loreminder
  4404 | D:4      | Found a transporter.
  4448 | D:4      | Found a transporter.
  4458 | D:4      | Noticed Pargi
  4589 | D:4      | Killed Pargi
  4590 | D:4      | Reached skill level 5 in Conjurations
  5178 | D:5      | Entered Level 5 of the Dungeon
  5183 | D:5      | Reached XP level 7. HP: 26/36 MP: 6/14
  5186 | D:5      | Mangled by an iguana

Illustrated notes

Levels and vault maps discovered:
D:1:      minmay_arrival_stair_chambers, layout_basic
D:2:      layout_basic, serial_shops, shop
D:3:      minmay_skewed_foursquare, layout_basic, lemuel_tele_altar,
          amethyst_overflow_temple_binary, gup_sewer_entry_glass,
          hex_intersection
D:4:      layout_gridville, minmay_temple_entry_ruins,
          gammafunk_ghost_gnarly_gnolls, uniq_pargi
D:5:      layout_basic, corexii_shack, uniq_pikel, uniq_blork_the_orc,
          uniq_edmund
Temple:   nicolae_temple_bog_church

Skill      XL: |  1  2  3  4  5  6 |
---------------+-------------------+-----
Conjurations   | 2 3 4 5 |  5.4
Air Magic      | 5 6 |  6.8
Spellcasting   | 3 4 |  4.2
Dodging        | |  2.1
Stealth        | |  2.0

Action                     |  1- 3 |  4- 6 |  7- 9 || total
---------------------------+-------+-------+-------++-------
  Melee: Short sword       |     1 |    12 |     2 ||    15
         Kick              |       |     3 |       ||     3
         Peck              |       |     2 |       ||     2
   Cast: Shock             |    78 |   105 |       ||   183
         Static Discharge  |     4 |    18 |     2 ||    24
 Armour: Robe              |       |     5 |       ||     5
  Dodge: Dodged            |     3 |    24 |     1 ||    28
